 Dungeon Crawl Stone Soup version 0.31-a0-240-gb923e448b6 (webtiles) character file.

Game seed: 18138222612337468844

218 qw the Shooter (level 5, -1/32 HPs)
             Began as a Gargoyle Hexslinger on July 11, 2023.
             Slain by a gnoll
             ... wielding a +0 spear
             ... led by a gnoll bouda
              (7 damage)
             ... on level 5 of the Dungeon.
             The game lasted 00:01:24 (3318 turns).

qw the Shooter (Gargoyle Hexslinger)                Turns: 3318, Time: 00:01:25

Health: -1/32      AC:  9    Str: 11    XL:     5   Next: 95%
Magic:  6/6        EV: 10    Int: 14    God:
Gold:   263        SH:  0    Dex: 14    Spells: 5/6 levels left

rFire   . . .        Y - +0 sling (flame)
rCold   . . .        (no shield)
rNeg    + + .        d - +0 ring mail
rPois   inf          (no helmet)
rElec   +            (no cloak)
rCorr   .            (no gloves)
SInv    .            (no boots)
Will    .....        (no amulet)
Stlth   +            g - ring of positive energy
HPRegen 0.25/turn    (no ring)
MPRegen 0.10/turn

%: no passive effects
@: weakened
A: sickness immunity, AC +4, negative energy resistance 1, electricity
resistance, torment resistance 1, petrification resistance
a: no special abilities


You were on level 5 of the Dungeon.
You visited 1 branch of the dungeon, and saw 5 of its levels.

You collected 263 gold pieces.


Innate Abilities, Weirdness & Mutations

You are immune to sickness and miasma.
Your stone body is resilient. (AC +4)
You are immune to poison.
You resist negative energy. (rN+)
You are resistant to electric shocks. (rElec)
You are resistant to unholy torment.
You are immune to petrification.


   Skills:
 - Level 3.0 Fighting
 + Level 5.0 Ranged Weapons
 - Level 1.5 Armour
 - Level 1.5 Dodging
 - Level 1.0 Spellcasting
 - Level 2.6 Hexes


You had 5 spell levels left.
You knew the following spells:

 Your Spells              Type           Power      Damage    Failure   Level
a - Slow                  Hex            32%        N/A       21%         1

Your spell library contained the following spells:

 Spells                   Type           Power      Damage    Failure   Level
 Inner Flame              Hex/Fire       4%         N/A       71%         3
 Portal Projectile        Hex/Tloc       8%         N/A       71%         3
 Cause Fear               Hex            4%         N/A       90%         4

Inventory:

Hand Weapons
 Y - a +0 sling of flaming (weapon)
Armour
 d - a +0 ring mail (worn)
Jewellery
 g - a ring of positive energy (left hand)
Scrolls
 b - a scroll of identify
Potions
 a - a potion of invisibility {unknown}
 c - a potion of haste {unknown}
 e - a potion of heal wounds {unknown}
 f - a potion of enlightenment {unknown}
 i - a potion of lignification {unknown}

Dungeon Overview and Level Annotations

Branches:
Dungeon (5/15)
 Temple: D:4-7

Altars:
Gozag
Nemelex Xobeh
Sif Muna
Yredelemnul
The Shining One

Annotations:
D:4 2 transporters


Message History

You kill the gnoll!
The gnoll hits you from afar with a +0 spear.
The gnoll hits you but does no damage.
Your Fighting skill increases to level 3!
You shoot a sling bullet.
The sling bullet barely misses the gnoll.
The sling bullet closely misses the gnoll.
A gnoll comes into view. It is wielding a +0 club.
The gnoll hits you from afar with a +0 spear.
The gnoll hits you with a +0 club. The gnoll hits you with a +0 whip.
The gnoll bouda gazes fiercely through you!
You feel your attacks grow feeble.
The gnoll bouda gazes fiercely through you!
You feel as though you will be weak longer.
The gnoll hits you but does no damage. The gnoll barely misses you.
The gnoll hits you but does no damage.
You shoot a sling bullet.
The sling bullet closely misses the gnoll.
The gnoll shouts!
The sling bullet hits the gnoll.
The sling bullet burns the gnoll.
The gnoll is heavily wounded.
The gnoll hits you from afar with a +0 spear.
The gnoll barely misses you. The gnoll hits you with a +0 whip.
You shoot a sling bullet. The sling bullet hits the gnoll.
The sling bullet burns the gnoll.
The gnoll is heavily wounded.
A sleepcap comes into view.
The gnoll hits you but does no damage. The gnoll hits you with a +0 club.
The gnoll bouda calls upon its god to heal the gnoll.
The gnoll is healed somewhat.
You shoot a sling bullet. The sling bullet hits the gnoll.
The sling bullet burns the gnoll.
You kill the gnoll!
The gnoll hits you from afar with a +0 spear!
The gnoll misses you.
The gnoll bouda gazes fiercely through you!
You feel as though you will be weak longer.
The gnoll bouda barely misses you. The gnoll hits you with a +0 whip.
The gnoll hits you from afar with a +0 spear!
You die...

###.... #...... .
########......
...########.....##......
........................
..#.#.#.#.#.#.####...<[
. ............# ##....
....#g#g#.#.#..# #####
...f.g)@g......#
...#########...# ##.##
#.# #.# #.# #.# #.# #.#


You could see a sleepcap, a gnoll bouda and 3 gnolls.

Vanquished Creatures
  2 hounds
  An orc wizard (D:3)
  2 gnolls (D:5)
  3 adders
  A white imp (D:4)
  2 worms
  2 dart slugs
  8 orcs (D:3)
  4 endoplasms
  3 giant cockroaches
  6 goblins
  5 hobgoblins
  7 jackals
  2 quokkas
  4 ball pythons
  5 bats
  3 frilled lizards
  2 kobolds (D:1)
  8 rats
70 creatures vanquished.

Vanquished Creatures (collateral kills)
  An endoplasm (D:2)
  A frilled lizard (D:2)
2 creatures vanquished.

Grand Total: 72 creatures vanquished

Notes
Turn   | Place    | Note
-------+----------+-------------------------------------------
     0 | D:1      | qw the Gargoyle Hexslinger began the quest for the Orb.
     0 | D:1      | Reached XP level 1. HP: 12/12 MP: 2/2
     0 | D:1      | 0 ||| qw: Version: 0.3-a-52-g30416fa
     0 | D:1      | 0 ||| qw: Game counter: 6070
     0 | D:1      | 0 ||| qw: Melee chars always use a shield: true
     0 | D:1      | 0 ||| qw: God list: Okawaru
     0 | D:1      | 0 ||| qw: Allow faded altars: false
     0 | D:1      | 0 ||| qw: Do Orc after clearing Dungeon:15 true
     0 | D:1      | 0 ||| qw: Do second Lair branch before Depths: true
     0 | D:1      | 0 ||| qw: Lair rune preference: random
     0 | D:1      | 0 ||| qw: Goals: Normal
     0 | D:1      | 0 ||| PLANNING D:1-11
    96 | D:1      | Reached XP level 2. HP: 15/16 MP: 3/3
   302 | D:1      | Reached skill level 3 in Ranged Weapons
   856 | D:1      | 856 ||| UPGRADING to +0 ring mail.
   866 | D:1      | 866 ||| DROPPING +0 robe.
   867 | D:1      | 867 ||| DROPPING ring of magical power.
   868 | D:1      | 868 ||| DRINKING 2 bubbling sapphire potions.
   869 | D:1      | 869 ||| DROPPING scroll of poison.
   870 | D:1      | 870 ||| DROPPING potion of degeneration.
   979 | D:2      | Reached XP level 3. HP: 21/21 MP: 4/4
  1018 | D:2      | 1018 ||| SWAPPING to +0 sling of flaming.
  1019 | D:2      | 1019 ||| DROPPING +1 sling.
  1156 | D:2      | 1156 ||| READING scroll labelled NEMURI QEONAOS.
  1158 | D:2      | 1158 ||| READING scroll labelled HATIG DUYHUM.
  1159 | D:2      | 1159 ||| READING scroll labelled PONEMPURPHUL.
  1183 | D:2      | Found a basalt altar of Yredelemnul.
  1615 | D:2      | Reached XP level 4. HP: 26/26 MP: 5/5
  1728 | D:2      | 1728 ||| READING scroll labelled LOAKEANUTUBI.
  1747 | D:2      | 1747 ||| READING scroll labelled RENTUA MIALOITHRU.
  1767 | D:3      | Found a faded altar of an unknown god.
  1827 | D:3      | Reached skill level 4 in Ranged Weapons
  1828 | D:3      | Reached skill level 1 in Armour
  1845 | D:3      | 1845 ||| FLEEEEING.
  2016 | D:3      | Found a basalt altar of Yredelemnul.
  2040 | D:3      | Found a shimmering blue altar of Sif Muna.
  2093 | D:3      | Found a sparkling altar of Nemelex Xobeh.
  2245 | D:3      | Reached XP level 5. HP: 30/30 MP: 6/6
  2302 | D:3      | 2302 ||| DROPPING ring of wizardry.
  2303 | D:3      | 2303 ||| UPGRADING to ring of positive energy.
  2304 | D:3      | 2304 ||| READING scroll labelled OMOINI KONIDA.
  2305 | D:3      | 2305 ||| READING scroll labelled KUAVET PUTT.
  2386 | D:4      | Found a transporter.
  2434 | D:4      | Found a transporter.
  2570 | D:4      | Found an opulent altar of Gozag.
  2582 | D:4      | Found a glowing golden altar of the Shining One.
  2678 | D:4      | Reached skill level 5 in Ranged Weapons
  2951 | D:4      | 2951 ||| READING scroll labelled GULOGA JUFUNK.
  3207 | D:4      | 3207 ||| DRINKING 2 orange potions.
  3208 | D:4      | 3208 ||| DROPPING potion of attraction.
  3220 | D:5      | Entered Level 5 of the Dungeon
  3315 | D:5      | Reached skill level 3 in Fighting
  3318 | D:5      | HP: 6/32 [gnoll/+0 whip[a gnoll bouda] (3)]
  3318 | D:5      | Slain by a gnoll

Levels and vault maps discovered:
D:1:      dpeg_arrival_simpleton_b, layout_loops_corners,
          hangedman_decor_slide_cut, minmay_misc_feat_plants,
          minmay_pentomino_r4
D:2:      layout_basic, basic_altar, minmay_misc_feat_rugged,
          reono_crystal_passage
D:3:      layout_basic, lemuel_doored_altar, mainiacjoe_overflow_tiny_flanked,
          mainiacjoe_overflow_concentric_impassable,
          hellmonk_ecumenical_altar_pennies_from_heaven
D:4:      gammafunk_steamed_eel, layout_gridville, nicolae_gozag_seed_capital,
          tso_metal_star
D:5:      wad_pebble_path, layout_rooms, dancing_weapons_uskayaw,
          hangedman_decor_peaks_small, minmay_misc_feat_pillars,
          minmay_lizard_king

Skill      XL: |  1  2  3  4  5 |
---------------+----------------+-----
Ranged Weapons | 3 4 5 |  5.0
Fighting       | 2 3 |  3.0
Armour         | 1 |  1.5
Dodging        | |  1.5
Spellcasting   | |  1.0
Hexes          | |  2.6

Action                     |  1- 3 |  4- 6 || total
---------------------------+-------+-------++-------
   Fire: Sling             |   167 |   149 ||   316
    Use: Potion            |     1 |     1 ||     2
         Scroll            |     3 |     5 ||     8
 Armour: Robe              |    11 |       ||    11
         Ring mail         |    54 |    52 ||   106
  Dodge: Dodged            |    74 |    65 ||   139

Table legend:
 A = Non-vault XP
 B = Vault XP
 C = Vault XP percentage of total XP
 D = Non-vault monster count
 E = Vault monster count
 F = Vault count percentage of total count
                 A         B        C        D         E       F
            +---------+---------+-------+---------+---------+-------
      Total |     320 |       7 |   2.1 |      68 |       4 |   5.6
            +---------+---------+-------+---------+---------+-------
        D:1 |      25 |       7 |  21.9 |      16 |       4 |  20.0
        D:2 |      56 |       0 |   0.0 |      24 |       0 |   0.0
        D:3 |      82 |       0 |   0.0 |      16 |       0 |   0.0
        D:4 |      85 |       0 |   0.0 |       9 |       0 |   0.0
        D:5 |      72 |       0 |   0.0 |       3 |       0 |   0.0
            +---------+---------+-------+---------+---------+-------
